 Dungeon Crawl Stone Soup version 0.30-a0-738-g116ff8c4af (webtiles) character file.

Game seed: 2237544868189477490

4660 Iich the Cleaver (level 10, -1/139 (142) HPs)
             Began as a Minotaur Fighter on Feb 3, 2023.
             Slain by browni3141's ghost (5 damage)
             ... on level 7 of the Dungeon.
             The game lasted 00:18:52 (6853 turns).

Iich the Cleaver (Minotaur Fighter)                 Turns: 6853, Time: 00:18:52

HP:   -1/139 (142)  AC: 13    Str: 22    XL:     10   Next: 20%
MP:   9/9           EV:  2    Int:  5    God:
Gold: 343           SH:  5    Dex: 13    Spells: 9/9 levels left

rFire   . . .      SeeInvis .    a - +0 war axe
rCold   . . .      Faith    .    c - +0 buckler
rNeg    . . .      Spirit   .    (body armour currently unavailable)
rPois   +          Reflect  .    (helmet currently unavailable)
rElec   .          Harm     .    (cloak currently unavailable)
rCorr   .          Rampage  .    (gloves currently unavailable)
Will    .....      NoTele   +    (boots currently unavailable)
Stlth   +                        (no amulet)
HPRegen 0.43/turn                (no ring)
MPRegen 0.11/turn                (no ring)

@: tree-form, corroded, hasted and slowed, lightly drained, invisible
A: stationary, stasis, torment immunity, boosted hp, (horns 2), (retaliatory
headbutt)
a: no special abilities


You were on level 7 of the Dungeon.
You were a tree.
You visited 2 branches of the dungeon, and saw 8 of its levels.

You collected 393 gold pieces.
You spent 50 gold pieces at shops.

Inventory:

Hand Weapons
 a - a +0 war axe (weapon)
Missiles
 I - 6 curare-tipped darts (quivered)
Armour
 b - a +0 scale mail
 c - a +0 buckler (worn)
 m - the +4 ring mail of Midaplah (melded) {rElec rF+ rC+ Dex+2}
   (You found it on level 2 of the Dungeon)

   Dex:       It affects your dexterity (+2).
   rF:        It protects you from fire.
   rC:        It protects you from cold.
   rElec:     It insulates you from electricity.
 y - a +1 pair of boots (melded)
 z - a +1 cloak (melded)
 A - a +0 pair of gloves (melded)
Jewellery
 H - an amulet of guardian spirit
Wands
 t - a wand of polymorph (8)
 v - a wand of flame (62)
 x - a wand of quicksilver (15)
 B - a wand of mindburst (5)
 C - a wand of paralysis (1)
Scrolls
 f - a scroll of magic mapping
 g - a scroll of brand weapon
 h - a scroll of noise
 i - a scroll of fear
 s - a scroll of vulnerability
 u - a scroll of torment
 w - a scroll of enchant weapon
 G - a scroll of amnesia
Potions
 d - 2 potions of magic
 j - a potion of flight
 l - a potion of mutation
 p - a potion of degeneration
 E - a potion of might


   Skills:
 + Level 11.0 Fighting
 * Level 14.5 Axes
 - Level 3.6 Armour
 - Level 3.6 Shields


You had 9 spell levels left.
You didn't know any spells.
Your spell library contained the following spells:

 Spells                   Type           Power      Damage    Failure   Level
 Sandblast                Erth           0%         2d4       56%         1
 Passwall                 Tmut/Erth      0%         N/A       71%         2
 Dazzling Flash           Conj/Hex       0%         N/A       91%         3
 Portal Projectile        Hex/Tloc       0%         N/A       91%         3
 Stone Arrow              Conj/Erth      0%         3d7       91%         3
 Tukima's Dance           Hex            0%         N/A       91%         3
 Iskenderun's Mystic Bla  Conj/Tloc      0%         2d3       100%        4
 Passage of Golubria      Tloc           0%         N/A       100%        4
 Blade Hands              Tmut           0%         N/A       100%        5
 Yara's Violent Unravell  Hex/Tmut       0%         3d3       100%        5
 Starburst                Conj/Fire      0%         6d3       100%        6


Dungeon Overview and Level Annotations

Branches:
Dungeon (7/15)             Temple (1/1) D:5

Altars:
Ashenzari
Cheibriados
Dithmenos
Elyvilon
Fedhas
Hepliaklqana
Kikubaaqudgha
Makhleb
Nemelex Xobeh
Qazlal
Ru
Sif Muna
Trog
Uskayaw
Wu Jian
Xom
Yredelemnul
Zin
The Shining One

Shops:
D:5 *

Annotations:
D:7 browni3141's ghost, novice HuEE


Innate Abilities, Weirdness & Mutations

You are a tree.
Your roots penetrate the ground, keeping you stationary.
You cannot be teleported.
You are immune to unholy pain and torment.
Your maximum health is greatly increased.
Your equipment is partially melded.
((You have a pair of horns on your head.))
((You reflexively headbutt those who attack you in melee.))


Message History

The kobold brigand hits you but does no damage.
You slash the white imp!
You kill the white imp!
The white imp disappears in a puff of smoke!
You barely miss the kobold brigand. You hit the quasit.
The quasit bites you but does no damage.
The quasit claws you but does no damage. x2
You block the kobold brigand's attack.
The quasit bites you but does no damage.
The quasit claws you but does no damage. x2
You catch the helpless browni3141's ghost completely off-guard!
You hit browni3141's ghost.
Browni3141's ghost is lightly damaged.
You closely miss the kobold brigand. You closely miss the fire bat.
You hit the quasit but do no damage.
The fire bat bites you but does no damage.
The kobold brigand hits you but does no damage.
The kobold brigand throws a poisoned dart.
The poisoned dart barely misses the quasit.
The poisoned dart hits you! The quasit bites you.
* * * LOW HITPOINT WARNING * * *
The quasit claws you but does no damage. x2
You hit browni3141's ghost but do no damage.
Browni3141's ghost is lightly damaged.
You barely miss the kobold brigand. You closely miss the kobold brigand.
You barely miss the quasit. Browni3141's ghost hits you.
* * * LOW HITPOINT WARNING * * *
The fire bat bites you but does no damage.
The quasit barely misses you.
The quasit claws you but does no damage.
The quasit barely misses you.
The kobold brigand hits you with a +0 dagger.
* * * LOW HITPOINT WARNING * * *
Aiming: Paralyse
Press: ? - help, Q - select action, (/) - cycle Shift-Dir - straight line, f - browni3141's ghost, p - fire bat
Aim: browni3141's ghost, wielding a heavy weapon (unable to see you, chance to affect: 14%) Browni3141's ghost resists with almost no effort.
The fire bat bites you but does no damage. x2
Browni3141's ghost hits you.
You die...

....# #.# #.#.###..# ###..###
....# #.# #.#.#
#..########..### ....####.#
#.#.# ##............##
.........# #.#.#
#............##
###..###.###.#.#
#.########..... #............#
#.....#####..##
#.####.###.##########........#
#.# #........Kb.............#
#.# #####.###♣K....).))....##
#.# #.# #W5K....##).##.# #.#
#.# #5KK..))###..#.# #.# #†#
#...K).)# ##.#.# #.# #.#
#.......####.#.# #.# #.#
###......K.....#
#.########.#####.##'''##K...###
#...............##.....####....
#.##.....[#######~.#.#.K# #>...


You could see a kobold demonologist (unable to see you), 5 kobold brigands, a
fire bat, a quasit (summoned, unable to see you), browni3141's ghost (unable to
see you) and a crimson imp (summoned, unable to see you).

Vanquished Creatures
  A cyclops (D:7)
  A troll (D:6)
  The ghost of Zenkrye the Changer, an amateur DgTm (D:5)
  A hornet (D:7)
  Sigmund (D:5)
  A wyvern (D:7)
  5 yaks
  Menkaure (D:4)
  A water moccasin (D:7)
  Duvessa (D:4)
  A sky beast (D:6)
  3 orc warriors
  3 ogres
  A phantom (D:5)
  3 bullfrogs
  A gnoll sergeant (D:7)
  4 scorpions
  3 wights (D:7)
  Dowan (D:4)
  A howler monkey (D:6)
  6 hounds
  A jelly (D:7)
  2 gnoll boudas (D:7)
  7 orc priests
  Crazy Yiuf (D:4)
  Ijyb (D:4)
  5 orc wizards
  11 gnolls (D:7)
  10 adders
  2 shadow imps
  A white imp (D:6)
  An ufetubus (D:5)
  A worm (D:3)
  3 dart slugs
  23 orcs
  7 ball pythons
  4 endoplasms
  3 goblins
  6 hobgoblins
  2 jackals (D:2)
  5 kobolds
  6 quokkas
  3 bats (D:2)
  3 frilled lizards
  3 rats
152 creatures vanquished.

Vanquished Creatures (others)
  6 fungi
  2 plants (D:7)
  3 withered plants (D:2)
11 creatures vanquished.

Grand Total: 163 creatures vanquished

Notes
Turn   | Place    | Note
-------+----------+-------------------------------------------
     0 | D:1      | Iich the Minotaur Fighter began the quest for the Orb.
     0 | D:1      | Reached XP level 1. HP: 19/19 MP: 0/0
   339 | D:1      | Reached skill level 3 in Axes
   378 | D:1      | Reached XP level 2. HP: 26/27 MP: 1/1
   727 | D:2      | Reached XP level 3. HP: 25/33 MP: 2/2
   770 | D:2      | Reached skill level 4 in Axes
   899 | D:2      | Found a faded altar of an unknown god.
  1017 | D:2      | Identified the +4 ring mail of Midaplah {rElec rF+ rC+
                  | Dex+2}
  1083 | D:2      | Reached XP level 4. HP: 41/41 MP: 3/3
  1209 | D:3      | Reached skill level 5 in Axes
  1324 | D:3      | Reached skill level 5 in Fighting
  1324 | D:3      | Reached XP level 5. HP: 30/48 MP: 4/4
  1545 | D:3      | Found a broken altar of Ashenzari.
  1634 | D:3      | Reached skill level 6 in Axes
  1708 | D:3      | Reached XP level 6. HP: 56/56 MP: 5/5
  1814 | D:3      | Found a sparkling altar of Nemelex Xobeh.
  1816 | D:3      | Found a transporter.
  2068 | D:4      | Noticed Ijyb
  2073 | D:4      | Killed Ijyb
  2280 | D:4      | Found a shimmering blue altar of Sif Muna.
  2282 | D:4      | Noticed Dowan
  2284 | D:4      | Noticed Duvessa
  2286 | D:4      | Noticed Menkaure
  2289 | D:4      | Killed Dowan
  2290 | D:4      | Reached skill level 7 in Axes
  2293 | D:4      | Killed Duvessa
  2930 | D:4      | Found a runed translucent door.
  2931 | D:4      | Noticed Crazy Yiuf
  2942 | D:4      | Killed Crazy Yiuf
  2943 | D:4      | Reached XP level 7. HP: 41/63 MP: 0/6
  3081 | D:4      | Killed Menkaure
  3082 | D:4      | Reached skill level 8 in Axes
  3125 | D:5      | Entered Level 5 of the Dungeon
  3165 | D:5      | Noticed Sigmund
  3181 | D:5      | Killed Sigmund
  3219 | D:5      | Reached skill level 9 in Axes
  3323 | D:5      | Noticed Zenkrye's ghost (amateur DgTm)
  3327 | D:5      | Found a runed translucent gate.
  3327 | D:5      | Found a runed translucent gate.
  3327 | D:5      | Found a runed translucent gate.
  3327 | D:5      | Noticed a yak
  3347 | D:5      | You fall into a shaft and drop 2 floors!
  3373 | D:7      | Reached XP level 8. HP: 48/73 MP: 7/7
  3606 | D:6      | Reached skill level 10 in Axes
  3624 | D:5      | Found a staircase to the Ecumenical Temple.
  3635 | Temple   | Entered the Ecumenical Temple
  3890 | D:5      | Found a hazy altar of Hepliaklqana.
  4182 | D:5      | Found a shadowy altar of Dithmenos.
  4238 | D:5      | Found Musan's CLEARANCE SALE!.
  4254 | D:5      | Bought a scroll of enchant armour for 30 gold pieces
  4254 | D:5      | Bought a potion of heal wounds for 20 gold pieces
  4357 | D:5      | Killed Zenkrye's ghost
  4358 | D:5      | Reached skill level 11 in Axes
  4452 | D:6      | Reached XP level 9. HP: 81/82 MP: 8/8
  4634 | D:6      | Found a sacrificial altar of Ru.
  4697 | D:6      | Reached skill level 12 in Axes
  4819 | D:6      | Noticed a troll
  4830 | D:6      | Killed a troll
  5345 | D:7      | Found a glowing golden altar of the Shining One.
  5522 | D:7      | Found a runed translucent gate.
  5522 | D:7      | Found a runed translucent gate.
  5523 | D:7      | Found a runed translucent gate.
  5524 | D:7      | Noticed a kobold demonologist
  5526 | D:7      | Noticed browni3141's ghost (novice HuEE)
  5536 | D:7      | Reached skill level 13 in Axes
  5593 | D:7      | Reached skill level 10 in Fighting
  5731 | D:7      | Noticed a cyclops
  6140 | D:7      | Killed a cyclops
  6298 | D:7      | Reached skill level 14 in Axes
  6298 | D:7      | Reached XP level 10. HP: 91/94 MP: 9/9
  6839 | D:7      | Noticed a rust devil
  6852 | D:7      | HP: 6/139 [browni3141's ghost (3)]
  6853 | D:7      | Slain by browni3141's ghost

Illustrated notes

Levels and vault maps discovered:
D:1:      dpeg_arrival_shrine, layout_loops_cross, nrook_campfire
D:2:      layout_rooms, ebering_ecumenical_altar_petrified,
          dreamdust_princess_corridor, kennysheep_generic_room_14
D:3:      layout_loops_ring, grunt_nemelex_the_gamble,
          mainiacjoe_overflow_surrounded_room, serial_glass, glass_columns_c,
          glass_columns_a, feat_on_display, due_unseen_surprise,
          minmay_strange_pillars
D:4:      layout_loops_ring, mainiacjoe_overflow_catwalk, uniq_menkaure,
          uniq_crazy_yiuf_cottage, uniq_duvessa, uniq_ijyb
D:5:      layout_loops_ring, mainiacjoe_overflow_alcove_2,
          mainiacjoe_overflow_boulevard, temple_statues, gammafunk_ghost_split,
          nicolae_shop_clearance, uniq_sigmund
D:6:      layout_rooms, nicolae_ru_the_path_less_chosen, minmay_three_doors
D:7:      layout_basic, mainiacjoe_overflow_brackets,
          gammafunk_ghost_nasty_kobolds, chequers_serial_rivers_micro_d,
          david_defended_altar_orc
Temple:   nicolae_temple_ecumenical_triangle

Skill      XL: |  1  2  3  4  5  6  7  8  9 10 |
---------------+-------------------------------+-----
Axes           | 3 4 5 6 7 9 11 14 | 14.5
Fighting       | 4 5 6 7 8 10 11 | 11.0
Armour         | |  3.6
Shields        | |  3.6

Action                     |  1- 3 |  4- 6 |  7- 9 | 10-12 || total
---------------------------+-------+-------+-------+-------++-------
  Melee: War axe           |    64 |   100 |   190 |    46 ||   400
         Headbutt          |     9 |    11 |    38 |     9 ||    67
  Evoke: Wand              |       |       |     7 |     4 ||    11
    Use: Scroll            |     2 |     5 |    11 |     4 ||    22
         Potion            |       |       |     6 |     4 ||    10
   Stab: Paralysed         |       |       |     9 |       ||     9
         Invisible         |       |       |       |     8 ||     8
 Armour: Scale mail        |    26 |       |       |       ||    26
         Ring mail         |     2 |    34 |    89 |    19 ||   144
         Skin              |       |       |       |    35 ||    35
  Dodge: Dodged            |    26 |    45 |    74 |    24 ||   169
  Block: Buckler           |    11 |    26 |    38 |    14 ||    89

Table legend: (Time is in decaauts)
 A = Elapsed time spent in this place.
 B = Non-inter-level travel time spent in this place.
 C = Inter-level travel time spent in this place.
 D = Time resting spent in this place.
 E = Time spent auto-exploring this place.
 F = Levels seen in this place.
 G = Mean time per level.
                   A        B        C        D        E       F      G
               +--------+--------+--------+--------+--------+-----+--------+
         Total |   6898 |   6653 |    245 |    598 |   4819 |   8 |  862.2 |
       Dungeon |   6665 |   6422 |    243 |    590 |   4659 |   7 |  952.1 |
        Temple |    233 |    232 |      1 |      8 |    160 |   1 |  233.0 |
               +--------+--------+--------+--------+--------+-----+--------+

Top non-repeatable levels by time:
     D:7: 1853 daAuts
     D:4: 1119 daAuts
     D:3: 831 daAuts
     D:6: 829 daAuts
     D:5: 809 daAuts
     D:1: 683 daAuts
     D:2: 538 daAuts
  Temple: 233 daAuts
